 Dungeon Crawl Stone Soup version 0.29.1-1-gd02db6906a (webtiles) character file.

Game seed: 5748528383275443750

261 SINSOJ the Cudgeller (level 5, -9/46 (50) HPs)
             Began as a Minotaur Berserker on Oct 21, 2022.
             Was a Believer of Trog.
             Mangled by a starcursed mass (11 damage)
             ... while paralysed by accursed screaming
             ... on level 1 of the Abyss.
             The game lasted 00:12:02 (2799 turns).

SINSOJ the Cudgeller (Minotaur Berserker)           Turns: 2799, Time: 00:12:03

HP:   -9/46 (50)    AC:  2    Str: 24    XL:     5   Next: 96%
MP:   4/4           EV:  2    Int:  4    God:    Trog [**....]
Gold: 63            SH:  0    Dex:  9    Spells: 4/4 levels left

rFire   . . .      SeeInvis .   a - +0 mace
rCold   . . .      Faith    .   (no shield)
rNeg    . . .      Spirit   .   b - +0 animal skin
rPois   +          Reflect  .   (helmet restricted)
rElec   .          Harm     .   m - scarf {+Inv}
rCorr   .          Rampage  .   (no gloves)
Will    .....                   (no boots)
Stlth   +.........              o - amulet of the acrobat
HPRegen 0.15/turn               n - ring of poison resistance
MPRegen 0.09/turn               (no ring)

@: paralysed, drained
A: horns 2, retaliatory headbutt
a: Renounce Religion, Evoke Invisibility, Berserk, Trog's Hand


You were on level 1 of the Abyss.
You worshipped Trog.
Trog was pleased with you.
You visited 1 branch of the dungeon, and saw 3 of its levels.
You visited the Abyss 1 time.

You collected 63 gold pieces.

Inventory:

Hand Weapons
 a - a +0 mace (weapon)
Armour
 b - a +0 animal skin (worn)
 g - a +0 helmet
 m - a scarf of invisibility (worn)
Jewellery
 n - a ring of poison resistance (left hand)
 o - an amulet of the acrobat (around neck)
Scrolls
 c - 4 scrolls of identify
 d - a scroll of poison
 e - a scroll of enchant weapon {unknown}
 i - 3 scrolls of teleportation {unknown}
 j - 2 scrolls of magic mapping {unknown}
 k - a scroll of blinking {unknown}
 p - a scroll of immolation {unknown}
Potions
 f - 2 potions of heal wounds {unknown}
 h - 3 potions of curing {unknown}
 l - a potion of might {unknown}


   Skills:
 + Level 5.7 Fighting
 - Level 6.2 Maces & Flails
 - Level 2.5 Armour
 - Level 3.0 Dodging


You had 4 spell levels left.
You didn't know any spells.
Your spell library was empty.

Dungeon Overview and Level Annotations

Branches:
Dungeon (3/15)

Altars:


Innate Abilities, Weirdness & Mutations

You have a pair of horns on your head.
You reflexively headbutt those who attack you in melee.


Message History

Trog accepts your kill.
The jackal bites you but does no damage.
You barely miss the jackal.
The jackal is severely wounded.
The jackal misses you. You furiously retaliate!
You headbutt the jackal, but do no damage.
The orc misses you. x2
You closely miss the jackal. You headbutt the jackal.
You kill the jackal!
Trog accepts your kill. The orc hits you with a +0 hand axe.
The orc misses you.
You hit the giant cockroach.
The giant cockroach is almost dead.
The giant cockroach closely misses you.
The orc hits you with a +1 hand axe of distortion.
You are cast into the Abyss!
This branch contains the abyssal rune of Zot.
You start resting.
A starcursed mass comes into view.
A starcursed mass is nearby!
A starcursed mass is nearby!
A starcursed mass is nearby!
A starcursed mass is nearby!
A starcursed mass is nearby!
Found a corrupted altar of Lugonu.
A starcursed mass splits.
A starcursed mass splits.
A starcursed mass splits. x2
A starcursed mass splits.
A starcursed mass splits.
A deafening chorus of shrieks assaults your mind!
A starcursed mass splits.
A starcursed mass splits.
The starcursed mass attacks as you move away!
The starcursed mass touches you.
A starcursed mass comes into view.
A cacophony of accursed wailing tears at your sanity!
* * * LOW HITPOINT WARNING * * *
You suddenly lose the ability to move!
The starcursed mass touches you!
You die...

X##.. ..#. ....
...# . . ... ...
.#. ..##..##..##...
....#..........
.#.#........#
#.........._##. #
#.#...@.......
..##....X......# .
.......XXX....# ...
###......X....#
#....###...X.....##
#.......X..X..#
#####....X......
#..........#
............#


You could see 10 starcursed masses.

Vanquished Creatures
  Sigmund (D:3)
  An orc wizard (D:3)
  2 adders (D:2)
  A worm (D:2)
  2 dart slugs
  An orc (D:3)
  2 bats
  5 endoplasms (D:1)
  A giant cockroach (D:2)
  3 goblins (D:1)
  6 hobgoblins
  2 jackals (D:3)
  3 kobolds
  4 quokkas
  10 ball pythons
  6 frilled lizards
  6 rats
56 creatures vanquished.

Notes
Turn   | Place    | Note
-------+----------+-------------------------------------------
     0 | D:1      | SINSOJ the Minotaur Berserker began the quest for the Orb.
     0 | D:1      | Reached XP level 1. HP: 19/19 MP: 0/0
   100 | D:1      | Found a faded altar of an unknown god.
   522 | D:1      | Reached XP level 2. HP: 22/27 MP: 1/1
   691 | D:1      | Reached skill level 4 in Maces & Flails
  1423 | D:1      | Reached XP level 3. HP: 33/33 MP: 2/2
  1754 | D:2      | Reached ** piety under Trog
  2329 | D:3      | Found the +2 ratskin cloak {*Rats rPois rN+ Str-1 Int-1
                  | Dex+1}
  2333 | D:3      | Reached XP level 4. HP: 41/41 MP: 3/3
  2417 | D:3      | Noticed Sigmund
  2426 | D:3      | Killed Sigmund
  2427 | D:3      | Reached skill level 5 in Fighting
  2427 | D:3      | Reached skill level 6 in Maces & Flails
  2427 | D:3      | Reached XP level 5. HP: 23/48 MP: 4/4
  2764 | Abyss:1  | Cast into level 1 of the Abyss (orc)
  2789 | Abyss:1  | Noticed a starcursed mass
  2790 | Abyss:1  | Found a corrupted altar of Lugonu.
  2798 | Abyss:1  | Noticed a starcursed mass
  2798 | Abyss:1  | HP: 2/46 [starcursed mass/accursed screaming (20)]
  2798 | Abyss:1  | Paralysed by accursed screaming for 2 turns
  2799 | Abyss:1  | Mangled by a starcursed mass

Illustrated notes

Levels and vault maps discovered:
D:1:      ncdulo_watergridlock, layout_loops_ring,
          chequers_ecumenical_altar_simple, minmay_fountain_box,
          amethyst_killhole, hangedman_decor_points,
          hangedman_abyss_or_decor_stabs, minmay_misc_feat_pillars,
          minmay_quantized
D:2:      layout_rooms, grunt_ministairs_6
D:3:      layout_rooms, gammafunk_ghost_grave, uniq_sigmund
Abyss:1:  base:
D:2

Skill      XL: |  1  2  3  4 |
---------------+-------------+-----
Fighting       | 4 5 |  5.7
Maces & Flails | 4 6 |  6.2
Dodging        | 3 |  3.0
Armour         | |  2.5

Action                   |  1- 3 |  4- 6 || total
-------------------------+-------+-------++-------
Melee: Mace              |    87 |    19 ||   106
       Headbutt          |     8 |     2 ||    10
       Punch             |     2 |       ||     2
Invok: Berserk           |       |     1 ||     1
       Trog's Hand       |       |     1 ||     1
  Use: Scroll            |       |     1 ||     1
Armor: Animal skin       |    14 |     5 ||    19
Dodge: Dodged            |    89 |    22 ||   111
